 Dungeon Crawl Stone Soup version 0.30.2 (webtiles) character file.

Game seed: 3423578218037616936

1603 bmack86 the Cleaver (level 8, 0/64 HPs)
             Began as a Minotaur Fighter on Apr 1, 2024.
             Was a Priest of Okawaru.
             Shot with an arrow by a centaur (2 damage)
             ... on level 6 of the Dungeon.
             The game lasted 00:11:40 (4516 turns).

bmack86 the Cleaver (Minotaur Fighter)              Turns: 4516, Time: 00:11:41

Health: 0/64       AC: 12    Str: 24    XL:     8   Next: 62%
Magic:  10/10      EV: 10    Int:  5    God:    Okawaru [***...]
Gold:   277        SH:  0    Dex:  9    Spells: 7/7 levels left

rFire   + . .        a - +0 war axe (flame)
rCold   . . .        c - +0 buckler
rNeg    . . .        u - +4 ring mail of Asceticism {Stlth+}
rPois   .            (helmet restricted)
rElec   .            (no cloak)
rCorr   .            z - +0 pair of gloves {rF+}
SInv    .            m - +0 pair of boots
Will    .....        (no amulet)
Stlth   +            (no ring)
HPRegen 0.30/turn    (no ring)
MPRegen 0.12/turn

%: no passive effects
@: confused
A: horns 2, retaliatory headbutt
a: Renounce Religion, Heroism


You were on level 6 of the Dungeon.
You worshipped Okawaru.
Okawaru was most pleased with you.
You visited 2 branches of the dungeon, and saw 7 of its levels.

You collected 415 gold pieces.
You spent 138 gold pieces at shops.

Inventory:

Hand Weapons
 a - a +0 war axe of flaming (weapon)
 l - a +3 hand axe of flaming
Missiles
 n - 2 javelins
 o - a boomerang
Armour
 c - a +0 buckler (worn)
 m - a +0 pair of boots (worn)
 u - the +4 ring mail of Asceticism (worn) {Stlth+}
   (You found it on level 4 of the Dungeon)

   Stlth:     It makes you more stealthy.
 z - a +0 pair of gloves of fire resistance (worn)
Jewellery
 t - a ring of ice
Wands
 b - a wand of paralysis (7) (quivered)
 y - a wand of iceblast (1)
Scrolls
 e - 3 scrolls of poison
 g - a scroll of fog
 q - a scroll of brand weapon
 v - a scroll of magic mapping {unknown}
Potions
 d - 2 potions of might
 f - a potion of flight
 h - 3 potions of curing
 i - a potion of mutation
 k - 2 potions of lignification
 p - a potion of brilliance
 r - a potion of attraction
 w - a potion of cancellation
 x - a potion of berserk rage


   Skills:
 - Level 3.6 Fighting
 * Level 11.2 Axes
 - Level 3.6 Armour
 - Level 5.0 Shields
 - Level 5.0 Invocations


You had 7 spell levels left.
You didn't know any spells.
Your spell library contained the following spells:

 Spells                   Type           Power      Damage    Failure   Level
 Kiss of Death            Conj/Necr      0%         2d5       67%         1
 Lesser Beckoning         Tloc           0%         N/A       82%         2
 Confusing Touch          Hex            0%         N/A       96%         3
 Gell's Gravitas          Tloc           0%         N/A       96%         3
 Portal Projectile        Hex/Tloc       0%         N/A       96%         3
 Teleport Other           Tloc           0%         N/A       96%         3
 Dispel Undead            Necr           0%         3d6       100%        4
 Blade Hands              Tmut           0%         N/A       100%        5
 Irradiate                Conj/Tmut      0%         3d11      100%        5
 Dragon Form              Tmut           0%         N/A       100%        7
 Tukima's Dance           Hex            Unusable   N/A       N/A         3

Dungeon Overview and Level Annotations

Branches:
Dungeon (6/15)             Temple (1/1) D:4

Altars:
Ashenzari
Dithmenos
Elyvilon
Fedhas
Gozag
Hepliaklqana
Kikubaaqudgha
Nemelex Xobeh
Okawaru
Ru
Sif Muna
Vehumet
Wu Jian
Xom
Yredelemnul
Zin

Shops:
D:5 *

Portals:
Abyss: D:3

Annotations:
D:3 2 transporters, bob3's ghost, weakling DrBe


Innate Abilities, Weirdness & Mutations

You have a pair of horns on your head.
You reflexively headbutt those who attack you in melee.


Message History

You now have 277 gold pieces (gained 6).
The orc wizard shouts!
The orc shouts!
You slash the orc! You burn the orc.
You kill the orc!
Okawaru accepts your kill.
The orc wizard points at you and mumbles some strange words.
You resist with some effort.
Things that are here:
a +0 dagger; a +0 ring mail The centaur shouts!
The centaur shoots an arrow.
The arrow misses you.
The orc wizard points at you and mumbles some strange words.
You are confused.
The centaur shoots an arrow.
The arrow hits you but does no damage. The orc wizard casts a spell at you.
You resist with some effort.
The centaur shoots an arrow.
The arrow hits you! The arrow freezes you.
You bump into the rock wall.
The centaur shoots an arrow.
The arrow hits you. The arrow freezes you.
You bump into the rock wall.
The centaur shoots an arrow.
The arrow hits you. The arrow freezes you.
The centaur shoots an arrow.
The arrow hits you! The arrow freezes you.
Okay, then.
You are too confused!
You bump into the rock wall.
The centaur shoots an arrow.
The arrow hits you.
* * * LOW HITPOINT WARNING * * *
The arrow freezes you.
* * * LOW HITPOINT WARNING * * *
The orc wizard barely misses you.
The centaur shoots an arrow.
The arrow barely misses you.
The centaur shoots an arrow.
The arrow hits you.
* * * LOW HITPOINT WARNING * * *
The arrow freezes you.
* * * LOW HITPOINT WARNING * * *
You closely miss the orc wizard. You headbutt the orc wizard!
The orc wizard is severely wounded.
The centaur shoots an arrow.
The arrow hits you!
* * * LOW HITPOINT WARNING * * *
The arrow freezes you.
You die...

#..# #[## #.# #.#
##.# ##..## ##....##
##...#).#
##...##@o#######
###...###........#
##....####........#
##....####.........#
##....##
#..........#
#####....##
##..).......#
........##
#....)......#
#####...#
##...)..c....#
##...#
#............#


You could see a centaur and an orc wizard.

Vanquished Creatures
  Grinder (D:6)
  Sigmund (D:6)
  A water moccasin (D:5)
  Duvessa (D:5)
  A black bear (D:6)
  An ogre (D:5)
  A bullfrog (D:6)
  3 scorpions
  Dowan (D:5)
  A howler monkey (D:6)
  2 orc priests (D:4)
  A hound (D:4)
  2 jellies
  A sleepcap (D:4)
  An orc wizard (D:4)
  4 iguanas
  A gnoll (D:1)
  8 adders
  An ufetubus (D:6)
  A worm (D:2)
  3 dart slugs
  24 orcs
  4 endoplasms
  8 giant cockroaches
  6 goblins
  10 hobgoblins
  5 jackals
  6 kobolds
  4 quokkas
  5 ball pythons
  8 bats
  3 frilled lizards
  7 rats
127 creatures vanquished.

Notes
Turn   | Place    | Note
-------+----------+-------------------------------------------
     0 | D:1      | bmack86 the Minotaur Fighter began the quest for the Orb.
     0 | D:1      | Reached XP level 1. HP: 19/19 MP: 0/0
    19 | D:1      | Reached XP level 2. HP: 13/26 MP: 1/1
   188 | D:1      | Reached skill level 3 in Axes
   502 | D:1      | Reached XP level 3. HP: 31/31 MP: 2/2
   883 | D:2      | Reached skill level 5 in Shields
  1097 | D:2      | Reached skill level 4 in Axes
  1114 | D:2      | Reached XP level 4. HP: 39/39 MP: 3/3
  1602 | D:3      | Noticed an ancient zyme
  1603 | D:3      | Noticed a small abomination
  1651 | D:3      | Found a transporter.
  1665 | D:3      | Found a transporter.
  1916 | D:3      | Found an ancient bone altar of Kikubaaqudgha.
  2136 | D:3      | Noticed bob3's ghost (weakling DrBe)
  2139 | D:3      | Found a one-way gate to the infinite horrors of the Abyss.
  2272 | D:4      | Found a staircase to the Ecumenical Temple.
  2277 | Temple   | Entered the Ecumenical Temple
  2290 | Temple   | Became a worshipper of Warmaster Okawaru
  2369 | D:4      | Reached skill level 5 in Axes
  2382 | D:4      | Identified the +4 ring mail of Asceticism {Stlth+}
  2527 | D:4      | Reached skill level 1 in Invocations
  2527 | D:4      | Reached XP level 5. HP: 43/45 MP: 4/4
  2599 | D:4      | Reached * piety under Okawaru
  2600 | D:4      | Reached skill level 6 in Axes
  2630 | D:4      | Reached XP level 6. HP: 51/51 MP: 6/6
  3091 | D:5      | Entered Level 5 of the Dungeon
  3126 | D:5      | Reached skill level 7 in Axes
  3275 | D:5      | Reached XP level 7. HP: 45/57 MP: 8/8
  3404 | D:5      | Noticed Duvessa
  3404 | D:5      | Noticed Dowan
  3418 | D:5      | Killed Dowan
  3422 | D:5      | Killed Duvessa
  3423 | D:5      | Reached skill level 8 in Axes
  3527 | D:5      | Reached ** piety under Okawaru
  3566 | D:5      | Reached skill level 9 in Axes
  3629 | D:5      | Found Hinyowet's Fire Supplies.
  3664 | D:5      | Bought a +0 pair of gloves of fire resistance for 138 gold
                  | pieces
  3714 | D:5      | Found a basalt altar of Yredelemnul.
  3866 | D:6      | Noticed Sigmund
  3875 | D:6      | Killed Sigmund
  3876 | D:6      | Reached XP level 8. HP: 14/64 MP: 10/10
  3895 | D:6      | Noticed Grinder
  3900 | D:6      | Reached skill level 10 in Axes
  3900 | D:6      | Reached skill level 5 in Invocations
  3906 | D:6      | Paralysed by Grinder for 5 turns
  3938 | D:6      | Killed Grinder
  3938 | D:6      | Reached *** piety under Okawaru
  3939 | D:6      | Reached skill level 11 in Axes
  4516 | D:6      | HP: 2/64 [centaur/arrow (9)]
  4516 | D:6      | Shot with an arrow by a centaur

Illustrated notes

Levels and vault maps discovered:
D:1:      amcnicky_arrival_double_pillar, layout_basic
D:2:      layout_rooms
D:3:      layout_loops_ring, mainiacjoe_overflow_alcove_1,
          gammafunk_ghost_abyssal_escape
D:4:      minmay_chambers_of_twos, layout_gridville, temple_doors_e
D:5:      layout_rooms, yredelemnul_altar_generic, nicolae_shop_fire_sale
          [nicolae_sub_dead_trees], uniq_duvessa
D:6:      layout_cave_pods, uniq_grinder, uniq_sigmund
Temple:   nicolae_temple_x_marks_the_god

Skill      XL: |  1  2  3  4  5  6  7  8 |
---------------+-------------------------+-----
Shields        | 4 5 |  5.0
Axes           | 3 4 5 6 7 9 11 | 11.2
Invocations    | 1 2 3 4 5 |  5.0
Fighting       | |  3.6
Armour         | |  3.6

Action                     |  1- 3 |  4- 6 |  7- 9 || total
---------------------------+-------+-------+-------++-------
  Melee: War axe           |    77 |       |    38 ||   115
         Headbutt          |     7 |    14 |    17 ||    38
         Hand axe          |     3 |   105 |    35 ||   143
  Throw: Javelin           |       |       |     4 ||     4
 Invoke: Heroism           |       |       |     1 ||     1
  Evoke: Wand              |       |       |     2 ||     2
    Use: Scroll            |       |     6 |    10 ||    16
         Potion            |       |       |     1 ||     1
   Stab: Paralysed         |       |       |     3 ||     3
 Armour: Scale mail        |     6 |       |       ||     6
         Chain mail        |    39 |    36 |       ||    75
         Ring mail         |       |    17 |    39 ||    56
  Dodge: Dodged            |    36 |    49 |    54 ||   139
  Block: Buckler           |    38 |    25 |    15 ||    78
